 Dungeon Crawl Stone Soup version bcrawl-1.21.2-20-g6d45ba5942 (webtiles) character file.

Game seed: 11769866209779475926

1123 BeastOfSaturn the Covert (level 8, -13/46 HPs)
             Began as a Twilight Stalker Rogue on Feb 29, 2020.
             Mangled by a wyvern (15 damage)
             ... on level 4 of the Dungeon on Mar 1, 2020.
             The game lasted 00:22:40 (4227 turns).

BeastOfSaturn the Covert (Twilight Stalker Rogue)   Turns: 4227, Time: 00:22:41

Health: -13/46     AC:  6    Str: 17    XL:     8   Next: 35%
Magic:  10/10      EV: 12    Int: 11    God:
Gold:   246        SH:  0    Dex: 15    Spells: 2/7 levels left

rFire    . . .     SeeInvis .   a - +2 dagger
rCold    + . .     Gourm    .   (no shield)
rNeg     . . .     Faith    .   u - +1 leather armour {rC+}
rPois    .         Spirit   .   o - +0 helmet
rElec    .         Reflect  .   d - +0 cloak
rCorr    .         Harm     .   (no gloves)
MR       .....                  (no boots)
Stlth    +++++.....             (no amulet)
HPRegen  0.55/turn              m - ring of wizardry
MPRegen  0.12/turn              (no ring)

@: about to teleport
A: fangs 3, nightstalker 1, regeneration 1, no potion heal 3, rot immunity,
draining bite, strong jaws, assimilated armour
a: no special abilities


You were on level 4 of the Dungeon.
You were not hungry.

You visited 1 branch of the dungeon, and saw 5 of its levels.
You also visited: Sewer.

You collected 246 gold pieces.

Inventory:

Hand Weapons
 a - a +2 dagger (weapon)
 b - a +0 blowgun
 B - a +2 vampiric short sword
Missiles
 h - 118 poisoned needles
 E - 33 curare-tipped needles
Armour
 d - a +0 cloak (worn)
 o - a +0 helmet (worn)
 u - a +1 leather armour of cold resistance (worn)
Jewellery
 m - a ring of wizardry (left hand)
 D - an uncursed amulet of rage
Wands
 f - a wand of flame (9)
 g - a wand of enslavement (13)
 n - a wand of acid (6)
 s - a wand of iceblast (11)
Scrolls
 k - 2 scrolls of identify
 q - 2 scrolls of teleportation
 v - 5 scrolls of immolation {unknown}
 x - a scroll of enchant weapon {unknown}
 y - a scroll of remove curse
Potions
 c - a potion of brilliance
 i - a potion of flight {unknown}
 j - 2 potions of might {unknown}
 l - 2 potions of mutation {unknown}
 p - a potion of cancellation {unknown}
 r - a potion of berserk rage {unknown}
 t - a potion of agility {unknown}
 w - a potion of curing {unknown}
 z - a potion of resistance {unknown}
 A - a potion of heal wounds {unknown}
 C - a potion of magic {unknown}
Comestibles
 e - 4 rations {!d}


   Skills:
 + Level 3.1 Fighting
 * Level 5.1 Short Blades
 * Level 2.8 Armour
 + Level 2.2 Dodging
 * Level 9.9 Stealth
 * Level 0.4 Summonings
 + Level 2.0 Evocations


You had 2 spell levels left.
You knew the following spells:

 Your Spells              Type           Power        Failure   Level  Hunger
a - Summon Mana Viper     Hex/Summ       #.......     98%         5    ######.

Your spell library contained the following spells:

 Spells                   Type           Power        Failure   Level  Hunger
 Recall                   Summ/Tloc      N/A          41%         3    ####...
 Aura of Abjuration       Summ           #.........   98%         5    ######.
 Summon Demon             Summ           #.........   98%         5    ######.
 Summon Forest            Summ/Tloc      #.........   98%         5    ######.
 Shadow Creatures         Summ           N/A          100%        6    #######


Dungeon Overview and Level Annotations

Branches:
Dungeon (5/12)
 Temple: D:4-7

Altars:
Ashenzari
Lugonu
Xom

Shops:
D:5 *

Annotations:
D:5 Dowan, Duvessa


Innate Abilities, Weirdness & Mutations

You have razor-sharp teeth.
You are slightly more attuned to the shadows.
Your natural rate of healing is unusually fast.
Potions cannot restore your health.
You are immune to rotting.
Your bite drains your enemy's life force.
Your bites deal extra damage.
Your stealth is less affected by armour.


Message History

You climb upwards.
There is a stone staircase leading down here.
You hit the wyvern.
The wyvern is lightly wounded.
The wyvern barely misses you.
You closely miss the wyvern. Your bite misses the wyvern.
The wyvern is lightly wounded.
The wyvern bites you! The ice beast misses you.
You completely miss the wyvern. You bite the wyvern, but do no damage.
The wyvern is lightly wounded.
The wyvern bites you!!
* * * LOW HITPOINT WARNING * * *
The ice beast hits you but does no damage.
Okay, then.
As you read the scroll of teleportation, it crumbles to dust.
You feel strangely unstable. The wyvern bites you.
* * * LOW HITPOINT WARNING * * *
The ice beast hits you but does no damage.
The wyvern bites you!
You die...

############# #.......†...#
#.#########.# #.# #.# ##########
#.# #.# ###........# #.# #.#
#@l...####.## #.#
#####.####Y###.###.#.######
#.#####..........# #....###......
........###..###)###.....#.......
#.#########..# #.....####.####.##
#............# ###.#####...###.##
############.# #.#..........#..
#.# #.#.###...###)## ##########
#.# #.# ##.## #.##


You could see a wyvern and an ice beast.

Vanquished Creatures
  Menkaure (D:5)
  A sky beast (D:4)
  2 ogres
  A phantom (D:3)
  A big kobold (Sewer)
  2 scorpions (D:4)
  A hound (D:4)
  An orc wizard (D:3)
  An iguana (D:4)
  Natasha (thrice) (D:3)
  4 worker ants
  2 gnolls
  7 adders
  2 river rats (Sewer)
  6 oozes
  2 worms
  3 dart slugs
  7 leopard geckos
  6 orcs
  3 ball pythons
  5 bats
  11 giant cockroaches
  4 goblins
  11 hobgoblins
  4 quokkas
  A frilled lizard (D:1)
  20 kobolds
  10 rats
122 creatures vanquished.

Notes
Turn   | Place    | Note
-------+----------+-------------------------------------------
     0 | D:1      | BeastOfSaturn the Vine Stalker Rogue began the quest for
                  | the Orb.
     0 | D:1      | Reached XP level 1. HP: 12/12 MP: 3/3
   165 | D:1      | Reached skill level 6 in Stealth
   165 | D:1      | Reached XP level 2. HP: 17/17 MP: 4/4
   583 | D:1      | Reached XP level 3. HP: 19/21 MP: 5/5
   882 | D:2      | Reached skill level 7 in Stealth
  1083 | D:2      | Reached XP level 4. HP: 26/26 MP: 6/6
  1198 | D:2      | Noticed an ogre
  1239 | D:2      | Killed an ogre
  1239 | D:2      | Reached skill level 1 in Armour
  1239 | D:2      | Reached XP level 5. HP: 21/30 MP: 7/7
  1720 | D:3      | Reached skill level 8 in Stealth
  1765 | D:3      | Gained mutation: You have razor-sharp teeth. [Vine Stalker
                  | growth]
  1765 | D:3      | Reached XP level 6. HP: 35/35 MP: 8/8
  1780 | D:3      | Noticed Natasha
  1787 | D:3      | Killed Natasha
  1804 | D:3      | Noticed a phantom
  1808 | D:3      | Killed a phantom
  1808 | D:3      | Reached skill level 1 in Dodging
  1895 | D:3      | Noticed Natasha
  1913 | D:3      | Killed Natasha
  1969 | D:3      | Noticed Natasha
  1984 | D:3      | Killed Natasha
  2014 | D:3      | Found a corrupted altar of Lugonu.
  2028 | D:3      | Found a shattered altar of Ashenzari.
  2490 | D:4      | Reached XP level 7. HP: 14/40 MP: 9/9
  2558 | D:4      | Reached skill level 9 in Stealth
  2634 | D:4      | Found a shimmering altar of Xom.
  2634 | D:4      | Found a shimmering altar of Xom.
  2634 | D:4      | Found a shimmering altar of Xom.
  2634 | D:4      | Found a shimmering altar of Xom.
  2635 | D:4      | Found a shimmering altar of Xom.
  2635 | D:4      | Found a shimmering altar of Xom.
  2644 | D:4      | Found a shimmering altar of Xom.
  2905 | D:4      | Found a glowing drain.
  2928 | Sewer    | Entered a sewer
  3760 | D:4      | Gained mutation: Your bite drains your enemy's life force.
                  | [Twilight Stalker growth]
  3760 | D:4      | Gained mutation: Your stealth is less affected by armour.
                  | [Twilight Stalker growth]
  3760 | D:4      | Gained mutation: You are slightly more attuned to the
                  | shadows. [Twilight Stalker growth]
  3760 | D:4      | Reached XP level 8. HP: 8/46 MP: 9/10
  4092 | D:5      | Entered Level 5 of the Dungeon
  4106 | D:5      | Noticed Duvessa
  4106 | D:5      | Noticed Dowan
  4137 | D:4      | Reached skill level 5 in Short Blades
  4207 | D:4      | Learned a level 5 spell: Summon Mana Viper
  4210 | D:5      | Found Byixt's Assorted Antiques.
  4210 | D:5      | Noticed Menkaure
  4214 | D:5      | Killed Menkaure
  4217 | D:5      | Noticed a wyvern
  4227 | D:4      | HP: 2/46 [wyvern (6)]
  4227 | D:4      | Mangled by a wyvern

Skill      XL: |  1  2  3  4  5  6  7  8 |
---------------+-------------------------+-----
Short Blades   | 2 3 4 5 |  5.1
Stealth        | 6 7 8 9 |  9.9
Fighting       | 2 3 |  3.1
Armour         | 1 2 |  2.8
Evocations     | 2 |  2.0
Dodging        | 1 2 |  2.2
Summonings     | |  0.4

Action                   |  1- 3 |  4- 6 |  7- 9 || total
-------------------------+-------+-------+-------++-------
Melee: Dagger            |   105 |   125 |   250 ||   480
       Bite              |     6 |    14 |    22 ||    42
 Fire: Blowgun           |       |     1 |    14 ||    15
Evoke: Wand              |     3 |     4 |     3 ||    10
  Use: Scroll            |       |     5 |     2 ||     7
 Stab: Sleeping          |    10 |    14 |    10 ||    34
  Eat: Chunk             |     1 |     4 |     3 ||     8
       Ration            |       |       |     1 ||     1
Armor: Robe              |    13 |       |       ||    13
       Leather armour    |    13 |    27 |    61 ||   101
Dodge: Dodged            |    51 |    37 |   131 ||   219
